Map: Apotheosis LE

Players

Nickos

  • Race: Terran Terran
  • League: Gold

KHAN - Winner!

  • Race: Protoss Protoss
  • League: Gold

VOD

Have the link to the VOD?

Description

Time

  • Played on: Sept. 9, 2016, 4:06 a.m.
  • Length: 5:59
Show
View Real Time Build Order
Export as new Build Order

Nickos Terran 

Build Orders: Reaper Expand 

Get SALT Encoding   

  12  0:00  SCV  
  13  0:13  SCV  
  14  0:17  Supply Depot  
  14  0:25  SCV  
  15  0:39  SCV  
  15  0:40  Barracks  
  16  0:44  Refinery  
  16  0:51  SCV  
  17  1:03  SCV  
  18  1:15  SCV  
  19  1:27  Reaper  
  19  1:28  Orbital Command  
  20  1:43  Command Center  
  20  1:56  Supply Depot  
  20  1:57  SCV  
  21  2:05  Barracks  
  21  2:06  Marine  
  22  2:16  SCV  
  22  2:19  Refinery  
  23  2:26  Factory  
  23  2:30  SCV  
  24  2:42  SCV  
  25  2:47  Barracks Reactor  
  25  2:55  Barracks Tech Lab  
  24  2:59  Orbital Command, SCV  
  25  3:11  Factory Reactor, SCV  
  25  3:12  Starport  
  26  3:23  SCV  
  26  3:24  Stimpack  
  26  3:25  Marine x3  
  30  3:34  SCV  
  30  3:35  SCV  
  32  3:42  Marine  
  32  3:43  Supply Depot  
  32  3:45  Marine x2  
  32  3:46  SCV  
  32  3:47  SCV  
  37  3:59  Medivac, SCV x2  
  37  4:00  Marine  
  37  4:01  Medivac  
  44  4:04  Marine x2  
  46  4:11  SCV  
  46  4:17  SCV  
  48  4:18  Marine  
  48  4:23  Supply Depot, SCV  
  50  4:29  Command Center, SCV  
  51  4:36  SCV  
  52  4:41  SCV  
  52  4:45  Medivac x2  
  56  4:46  Supply Depot, Marine  
  56  4:47  Marine  
  56  4:48  SCV  
  59  4:53  Bunker  
  59  4:54  Marauder  
  59  4:56  SCV  
  62  5:06  SCV  
  55  5:18  Marine x3  
  55  5:19  Medivac x2  
  45  5:36  Marine x2  
Show
View Real Time Build Order
Export as new Build Order

KHAN Protoss - Winner!

Build Orders: Blink Stalkers 

Get SALT Encoding   

  12  0:02  Probe (Chrono Boost)  
  13  0:13  Probe (Chrono Boost)  
  14  0:22  Pylon  
  14  0:23  Probe (Chrono Boost)  
  15  0:40  Probe (Chrono Boost)  
  16  0:42  Gateway  
  16  0:50  Probe (Chrono Boost)  
  17  0:57  Assimilator  
  17  1:00  Assimilator  
  17  1:01  Probe (Chrono Boost)  
  18  1:12  Probe (Chrono Boost)  
  19  1:24  Probe (Chrono Boost)  
  20  1:30  Gateway  
  20  1:31  Cybernetics Core  
  20  1:35  Pylon  
  21  1:42  Probe (Chrono Boost)  
  21  1:54  Probe (Chrono Boost)  
  22  1:58  Warp Gate  
  22  2:04  Probe (Chrono Boost)  
  23  2:09  Twilight Council  
  23  2:14  Stalker  
  25  2:20  Stalker  
  27  2:26  Probe (Chrono Boost)  
  28  2:33  Pylon  
  27  2:50  Probe (Chrono Boost)  
  27  2:56  Blink  
  26  2:58  Stalker  
  26  3:02  Probe (Chrono Boost)  
  29  3:14  Probe (Chrono Boost)  
  30  3:27  Gateway  
  30  3:35  Pylon  
  32  3:56  Mothership Core (Chrono Boost)  
  32  4:01  Pylon  
  32  4:04  Pylon  
  32  4:07  Pylon  
  32  4:23  Stalker x3  
  38  4:47  Stalker x2  
  38  4:48  Stalker  
  44  4:59  Pylon  
  43  5:19  Stalker x2  
  43  5:20  Stalker  
  41  5:47  Stalker  
  41  5:48  Stalker x2  
Tags
 
Add a new tag
Caveats
  • Supply blocks, unpowered buildings, or Contaminate may cause inaccurate times.
  • Supply counts are checked every 10 seconds.